 Dungeon Crawl Stone Soup version 0.32-a0-42-ga30500b4d3 (webtiles) character file.

Game seed: 10922976975330645199

139 seren the Shooter (level 5, -6/32 HPs)
             Began as a Kobold Hunter on Feb 3, 2024.
             Killed by divine providence
             ... invoked by an orc priest
              (14 damage)
             ... on level 3 of the Dungeon.
             The game lasted 00:02:47 (2299 turns).

seren the Shooter (Kobold Hunter)                   Turns: 2299, Time: 00:02:48

Health: -6/32      AC:  4    Str:  8    XL:     5   Next: 46%
Magic:  5/5        EV: 16    Int: 10    God:
Gold:   163        SH:  0    Dex: 21    Spells: 4/4 levels left

rFire   . . .        a - +0 shortbow
rCold   . . .        (shield currently unavailable)
rNeg    . . .        c - +0 leather armour
rPois   .            (no helmet)
rElec   .            i - +0 cloak
rCorr   .            (no gloves)
SInv    .            (no boots)
Will    .....        (no amulet)
Stlth   ++++         (no ring)
HPRegen 0.25/turn    (no ring)
MPRegen 0.09/turn

%: no passive effects
@: no status effects
A: small, no large weapons, nightstalker 3
a: no special abilities


You were on level 3 of the Dungeon.
You visited 1 branch of the dungeon, and saw 3 of its levels.

You collected 163 gold pieces.

Inventory:

Hand Weapons
 a - a +0 shortbow (weapon)
 n - a +0 short sword
 r - a +0 dagger
Missiles
 p - 3 atropa-tipped darts
Armour
 c - a +0 leather armour (worn)
 i - a +0 cloak (worn)
Jewellery
 g - an amulet of faith
Scrolls
 b - a scroll of butterflies
 d - a scroll of summoning {unknown}
 h - a scroll of teleportation {unknown}
 k - 2 scrolls of enchant armour {unknown}
 l - 5 scrolls of identify {unknown}
 o - a scroll of amnesia {unknown}
 t - a scroll of fear {unknown}
Potions
 e - a potion of heal wounds {unknown}
 f - 2 potions of resistance {unknown}
 j - a potion of magic {unknown}
 m - 2 potions of might {unknown}
 q - a potion of haste {unknown}
 s - a potion of invisibility {unknown}


   Skills:
 + Level 3.3 Fighting
 + Level 6.2 Ranged Weapons
 + Level 3.7 Dodging
 + Level 3.7 Stealth


You had 4 spell levels left.
You didn't know any spells.
Your spell library contained the following spells:

 Spells                   Type           Power      Damage    Failure   Level
 Cigotuvi's Dreadful Rot  Necr/Alch/Air  0%         N/A       63%         2
 Ignite Poison            Fire/Alch      0%         N/A       99%         4
 Freezing Cloud           Conj/Ice/Air   0%         6-21      100%        5


Dungeon Overview and Level Annotations

Branches:
Dungeon (3/15)

Altars:
Ashenzari
Sif Muna
Vehumet


Innate Abilities, Weirdness & Mutations

You are small and have problems with some larger weapons.
You are completely attuned to the shadows.


Message History

There is an open door here.
There is a stone staircase leading down here.
An orc priest comes into view. It is wielding a +0 club.
You shoot an arrow. The arrow hits the orc priest.
The orc priest shouts!
The orc priest is heavily wounded.
You hear a shout!
The orc priest miscasts a cantrip.
An orc comes into view. It is wielding a +0 club.
You shoot an arrow. The arrow barely misses the orc priest.
An orc comes into view. It is wielding a +0 dagger.
The orc priest mumbles some strange prayers to Beogh against you.
Pain shoots through your body!
You shoot an arrow.
The arrow closely misses the orc priest.
The orc shouts!
You shoot an arrow. The arrow closely misses the orc.
You shoot an arrow. The arrow closely misses the orc.
You hear a shout!
An orc comes into view. It is wielding a +0 short sword.
The orc hits you with a +0 club. The orc barely misses you.
The orc priest mumbles some strange prayers to Beogh against you.
Beogh smites you!
* * * LOW HITPOINT WARNING * * *
You are too injured to fight recklessly!
You are too injured to fight recklessly!
You shoot an arrow. The arrow hits the orc.
The orc is heavily wounded.
You shoot an arrow. The arrow hits the orc!
You kill the orc!
The orc priest miscasts a cantrip.
You shoot an arrow.
The arrow closely misses the orc priest.
The orc priest invokes the aid of Beogh against you.
Pain shoots through your body!
* * * LOW HITPOINT WARNING * * *
The orc priest mumbles some strange prayers to Beogh against you.
Beogh smites you!
You die...

##......####†#....8....######....
#..........................#.#.#
#...........#..............#.#..
#.....###........_.........#.#..
#...........###............#....
##.)..###.#.# #.#.##.......#####
#....#.#.#.# #.#.####.......... #
#......#.#.# #.#.##....###.#### #
####.#.#.#.# #@#.##........### #
###.#.#.#.# #.#.##.....#....## #
#.....#.#.# #)#.##.....#......
####.#.###.#.# #o#.####'#.#####..
.....#.# #.#.# #.#.# #.#......#.
####...###.#.# #.#.# #.######.#.
# #.###.....# #.#.# #.##...#.#. #
#.# #.....###.#.# #.##...#.#. #<#
#....oo...#.# #.##...#.#.


You could see an orc priest.

Vanquished Creatures
  A bombardier beetle (D:3)
  4 adders
  A dart slug (D:2)
  A ribbon worm (D:2)
  2 orcs (D:3)
  3 bats
  6 endoplasms
  4 goblins
  8 hobgoblins
  10 jackals (D:3)
  3 kobolds
  A quokka (D:3)
  4 ball pythons
  5 frilled lizards
  3 rats
56 creatures vanquished.

Notes
Turn   | Place    | Note
-------+----------+-------------------------------------------
     0 | D:1      | seren the Kobold Hunter began the quest for the Orb.
     0 | D:1      | Reached XP level 1. HP: 12/12 MP: 1/1
   303 | D:1      | Reached XP level 2. HP: 8/18 MP: 2/2
   622 | D:2      | Reached XP level 3. HP: 22/22 MP: 3/3
   966 | D:2      | Found a broken altar of Ashenzari.
  1048 | D:2      | Reached XP level 4. HP: 27/27 MP: 4/4
  1413 | D:3      | Reached skill level 6 in Ranged Weapons
  1512 | D:3      | Reached XP level 5. HP: 32/32 MP: 5/5
  1520 | D:3      | Found a shimmering blue altar of Sif Muna.
  1524 | D:3      | Found a radiant altar of Vehumet.
  2299 | D:3      | Killed from afar by an orc priest

Illustrated notes

Levels and vault maps discovered:
D:1:      minmay_arrival_wavy_path, layout_rooms, minmay_tetromino_i2
D:2:      layout_loops_ring, basic_altar
D:3:      layout_basic, grunt_temple_overflow_open

Skill      XL: |  1  2  3  4 |
---------------+-------------+-----
Stealth        | 2 3 |  3.7
Dodging        | 3 |  3.7
Fighting       | 3 |  3.3
Ranged Weapons | 6 |  6.2

Action                     |  1- 3 |  4- 6 || total
---------------------------+-------+-------++-------
   Fire: Shortbow          |    86 |    87 ||   173
 Armour: Leather armour    |    20 |    27 ||    47
  Dodge: Dodged            |    31 |    61 ||    92

Table legend: (Time is in decaauts)
 A = Elapsed time spent in this place.
 B = Non-inter-level travel time spent in this place.
 C = Inter-level travel time spent in this place.
 D = Time resting spent in this place.
 E = Time spent auto-exploring this place.
 F = Levels seen in this place.
 G = Mean time per level.
                   A        B        C        D        E       F      G
               +--------+--------+--------+--------+--------+-----+--------+
         Total |   2326 |   2279 |     47 |     55 |   1808 |   3 |  775.3 |
       Dungeon |   2326 |   2279 |     47 |     55 |   1808 |   3 |  775.3 |
               +--------+--------+--------+--------+--------+-----+--------+

Top non-repeatable levels by time:
     D:3: 909 daAuts
     D:2: 848 daAuts
     D:1: 568 daAuts
